 Dungeon Crawl Stone Soup version 0.29.0-4-gdea44cf6ec (webtiles) character file.

Game seed: 366181992389914403

507 qw the Ruffian (level 7, -1/57 HPs)
             Began as a Ghoul Fire Elementalist on Aug 29, 2022.
             Slain by an ogre
             ... wielding a +0 giant spiked club
              (18 damage)
             ... on level 4 of the Dungeon.
             The game lasted 00:03:39 (4997 turns).

qw the Ruffian (Ghoul Fire Elementalist)            Turns: 4997, Time: 00:03:40

Health: -1/57      AC:  9    Str: 14    XL:     7   Next: 18%
Magic:  8/8        EV:  6    Int: 10    God:
Gold:   239        SH:  0    Dex:  9    Spells: 8/9 levels left

rFire   . . .      SeeInvis .     - Unarmed
rCold   + . .      Faith    .   (no shield)
rNeg    + + +      Spirit   .   e - +0 chain mail
rPois   inf        Reflect  .   (no helmet)
rElec   .          Harm     .   (no cloak)
rCorr   .          Rampage  .   (no gloves)
Will    .....                   j - +0 pair of boots
Stlth   ..........              a - amulet of regeneration
HPRegen 0.00/turn               (no ring)
MPRegen 0.11/turn               (no ring)

@: inhibited regen
A: claws 1, cold resistance 1, negative energy resistance 3, inhibited
regeneration, torment resistance 2, devour on kill
a: no special abilities


You were on level 4 of the Dungeon.
You visited 1 branch of the dungeon, and saw 4 of its levels.

You collected 239 gold pieces.


Innate Abilities, Weirdness & Mutations

You are immune to poison.
You have sharp fingernails.
Your flesh is cold resistant. (rC+)
You are immune to negative energy. (rN+++)
You do not regenerate when monsters are visible.
You are immune to unholy pain and torment.
You thrive by killing the living.


   Skills:
 - Level 3.1 Fighting
 - Level 2.0 Armour
 - Level 1.7 Dodging
 - Level 2.1 Stealth
 + Level 6.5 Unarmed Combat
 - Level 1.7 Spellcasting
 - Level 0.7 Conjurations
 - Level 2.4 Fire Magic


You had 8 spell levels left.
You knew the following spells:

 Your Spells              Type           Power      Damage    Failure   Level
a - Foxfire               Conj/Fire      16%        2x1d4     99%         1

Your spell library contained the following spells:

 Spells                   Type           Power      Damage    Failure   Level
 Scorch                   Fire           10%        2d6       99%         2
 Conjure Flame            Conj/Fire      4%         6-21      100%        3
 Inner Flame              Hex/Fire       3%         N/A       100%        3
 Flame Wave               Conj/Fire      4%         2d5       100%        4

Inventory:

Missiles
 b - a boomerang (quivered)
Armour
 e - a +0 chain mail (worn)
 j - a +0 pair of boots (worn)
Jewellery
 a - an amulet of regeneration (around neck)
Scrolls
 h - a scroll of teleportation
 Y - a scroll of identify
Potions
 c - a potion of lignification {unknown}
 d - a potion of attraction {unknown}
 f - a potion of resistance {unknown}
 k - a potion of invisibility {unknown}

Dungeon Overview and Level Annotations

Branches:
Dungeon (4/15)
 Temple: D:4-7

Altars:
Fedhas
Makhleb


Message History

You throw a boomerang. The boomerang hits the jelly.
The jelly is severely wounded.
Throw: boomerang
Press: ? - help, Q - select action Shift-Dir - straight line, f/p - jelly You throw a boomerang.
The boomerang hits the jelly.
You kill the jelly!
Found a glowing golden altar of the Shining One.
Enter note:
Enter note: An ogre comes into view. It is wielding a +0 giant spiked club.
The ogre shouts!
Throw: boomerang
Press: ? - help, Q - select action Shift-Dir - straight line, f - ogre You throw a boomerang.
The boomerang completely misses the ogre.
Throw: boomerang
Press: ? - help, Q - select action Shift-Dir - straight line, f/p - ogre You throw a boomerang.
The boomerang barely misses the ogre.
You scratch the ogre.
The ogre is lightly wounded.
You scratch the ogre but do no damage.
The ogre is lightly wounded.
The ogre hits you with a +0 giant spiked club!
You claw the ogre!
The ogre is moderately wounded.
The ogre hits you with a +0 giant spiked club!
You closely miss the ogre.
The ogre is moderately wounded.
You scratch the ogre.
The ogre is heavily wounded.
The ogre barely misses you.
You barely miss the ogre. Your claw misses the ogre.
The ogre is heavily wounded.
You claw the ogre!
The ogre is severely wounded.
The ogre hits you with a +0 giant spiked club!
You claw the ogre!
The ogre is almost dead.
The ogre hits you with a +0 giant spiked club!!
You die...

#.# .#.##.......#
#.
##.##.#.##.......#
##
................#
# .#.
........##### ._
.######...# #.##
#.#.# ..# #.#.#
#O# #.#.# #@#
#.#.###### #.#
#.#.......
#.#######.########
#.........#
###########


You could see an ogre.

Vanquished Creatures
  A phantom (D:4)
  A scorpion (D:4)
  2 jellies (D:4)
  2 orc priests
  An iguana (D:4)
  3 orc wizards
  4 adders
  An ufetubus (D:4)
  4 worms
  21 orcs
  3 bats
  5 endoplasms
  6 giant cockroaches
  4 goblins (D:1)
  7 hobgoblins
  9 jackals
  4 quokkas
  4 ball pythons
  5 frilled lizards (D:1)
  A kobold (D:1)
  5 rats
93 creatures vanquished.

Notes
Turn   | Place    | Note
-------+----------+-------------------------------------------
     0 | D:1      | qw the Ghoul Fire Elementalist began the quest for the Orb.
     0 | D:1      | Reached XP level 1. HP: 14/14 MP: 2/2
     0 | D:1      | 0 ||| qw: Version: 0.1-a-90-g952f4b7
     0 | D:1      | 0 ||| qw: Game counter: 4246
     0 | D:1      | 0 ||| qw: Always use a shield: true
     0 | D:1      | 0 ||| qw: God list: Okawaru
     0 | D:1      | 0 ||| qw: Allow faded altars: false
     0 | D:1      | 0 ||| qw: Do Orc after D:15 true
     0 | D:1      | 0 ||| qw: Do second Lair branch before Depths: true
     0 | D:1      | 0 ||| qw: Lair rune preference: random
     0 | D:1      | 0 ||| qw: Plans: Normal
     0 | D:1      | 0 ||| PLANNING D:1-11
    36 | D:1      | 36 ||| Stepping ~*~*~tactically~*~*~ (stealth).
    37 | D:1      | 37 ||| Stepping ~*~*~tactically~*~*~ (stealth).
   248 | D:1      | Reached skill level 1 in Unarmed Combat
   283 | D:1      | 283 ||| Stepping ~*~*~tactically~*~*~ (stealth).
   286 | D:1      | 286 ||| Stepping ~*~*~tactically~*~*~ (outnumbered).
   287 | D:1      | 287 ||| Stepping ~*~*~tactically~*~*~ (outnumbered).
   288 | D:1      | 288 ||| Stepping ~*~*~tactically~*~*~ (outnumbered).
   290 | D:1      | 290 ||| Stepping ~*~*~tactically~*~*~ (outnumbered).
   291 | D:1      | 291 ||| Stepping ~*~*~tactically~*~*~ (outnumbered).
   297 | D:1      | Reached skill level 1 in Fighting
   297 | D:1      | Reached XP level 2. HP: 14/23 MP: 3/3
   693 | D:1      | 693 ||| Stepping ~*~*~tactically~*~*~ (outnumbered).
   749 | D:1      | Found a faded altar of an unknown god.
   813 | D:1      | 813 ||| Stepping ~*~*~tactically~*~*~ (stealth).
   823 | D:1      | Reached skill level 2 in Unarmed Combat
  1035 | D:1      | Reached XP level 3. HP: 28/28 MP: 4/4
  1609 | D:1      | 1609 ||| UPGRADING to +0 chain mail.
  1619 | D:1      | 1619 ||| DROPPING +0 robe.
  1620 | D:1      | 1620 ||| READING 2 scrolls labelled ANUUHYIT GAHIB.
  1621 | D:1      | 1621 ||| READING scroll labelled OVUFABUBB NI SAKUU.
  1625 | D:1      | 1625 ||| READING scroll labelled ISOPNO DESETTA.
  1626 | D:1      | 1626 ||| DROPPING potion of magic.
  1627 | D:1      | 1627 ||| DROPPING scroll of blinking.
  1681 | D:2      | You fall into a shaft and drop 2 floors!
  1743 | D:4      | 1743 ||| Stepping ~*~*~tactically~*~*~ (stealth).
  1744 | D:4      | 1744 ||| Stepping ~*~*~tactically~*~*~ (stealth).
  1746 | D:4      | Reached skill level 3 in Unarmed Combat
  1746 | D:4      | 1746 ||| Stepping ~*~*~tactically~*~*~ (stealth).
  1750 | D:4      | 1750 ||| Stepping ~*~*~tactically~*~*~ (stealth).
  1853 | D:4      | 1853 ||| Stepping ~*~*~tactically~*~*~ (stealth).
  1861 | D:4      | Reached XP level 4. HP: 35/35 MP: 5/5
  1868 | D:4      | HP: 5/35 [iguana (10)]
  1870 | D:4      | Reached skill level 4 in Unarmed Combat
  2195 | D:4      | Reached XP level 5. HP: 35/42 MP: 6/6
  2325 | D:4      | 2325 ||| Stepping ~*~*~tactically~*~*~ (stealth).
  2327 | D:4      | 2327 ||| Stepping ~*~*~tactically~*~*~ (stealth).
  2335 | D:4      | Noticed a phantom
  2356 | D:4      | 2356 ||| Stepping ~*~*~tactically~*~*~ (outnumbered).
  2369 | D:4      | Killed a phantom
  2370 | D:4      | Reached skill level 5 in Unarmed Combat
  2370 | D:4      | Reached XP level 6. HP: 16/49 MP: 7/7
  2631 | D:4      | Found a blossoming altar of Fedhas.
  2675 | D:4      | 2675 ||| Stepping ~*~*~tactically~*~*~ (stealth).
  2676 | D:4      | 2676 ||| Stepping ~*~*~tactically~*~*~ (stealth).
  2888 | D:3      | 2888 ||| PLANNING SEWER
  2912 | D:3      | 2912 ||| Stepping ~*~*~tactically~*~*~ (stealth).
  2913 | D:3      | 2913 ||| Stepping ~*~*~tactically~*~*~ (stealth).
  3133 | D:3      | Identified the +6 halberd "Henlatau" {vorpal, Dex+2 SInv}
  3224 | D:3      | 3224 ||| Stepping ~*~*~tactically~*~*~ (outnumbered).
  3225 | D:3      | 3225 ||| Stepping ~*~*~tactically~*~*~ (outnumbered).
  3231 | D:3      | 3231 ||| Stepping ~*~*~tactically~*~*~ (hiding).
  3250 | D:3      | HP: 9/49 [orc/+3 vorpal flail (5)]
  3597 | D:3      | 3597 ||| RIP SEWER
  3598 | D:3      | 3598 ||| PLANNING D:1-11
  3642 | D:3      | 3642 ||| READING scroll labelled FUGIAQUI JIET.
  3643 | D:3      | 3643 ||| DRINKING 2 sedimented inky potions.
  3822 | D:2      | Reached skill level 6 in Unarmed Combat
  4178 | D:2      | 4178 ||| UPGRADING to +0 pair of boots.
  4183 | D:2      | 4183 ||| READING scroll labelled MYOHET ZUSCHAU.
  4184 | D:2      | 4184 ||| READING 3 scrolls labelled DAMOZYANIY.
  4185 | D:2      | 4185 ||| READING 2 scrolls of identify.
  4185 | D:2      | 4185 ||| IDENTIFYING ruby potion
  4186 | D:2      | 4186 ||| DROPPING potion of flight.
  4250 | D:3      | Found a burning altar of Makhleb.
  4260 | D:3      | 4260 ||| FLEEEEING.
  4261 | D:3      | 4261 ||| FLEEEEING.
  4262 | D:3      | 4262 ||| FLEEEEING.
  4263 | D:3      | 4263 ||| FLEEEEING.
  4264 | D:3      | 4264 ||| FLEEEEING.
  4265 | D:3      | 4265 ||| FLEEEEING.
  4267 | D:3      | 4267 ||| FLEEEEING.
  4268 | D:3      | 4268 ||| DRINKING 3 potions of curing.
  4268 | D:3      | 4268 ||| (to cure confusion)
  4272 | D:3      | 4272 ||| DRINKING 2 potions of curing.
  4272 | D:3      | 4272 ||| (to cure confusion)
  4284 | D:3      | 4284 ||| DRINKING potion of curing.
  4284 | D:3      | 4284 ||| (to cure confusion)
  4294 | D:3      | Reached skill level 3 in Fighting
  4517 | D:3      | Reached XP level 7. HP: 56/57 MP: 8/8
  4587 | D:3      | 4587 ||| Stepping ~*~*~tactically~*~*~ (outnumbered).
  4900 | D:3      | 4900 ||| UPGRADING to amulet of regeneration.
  4997 | D:4      | Slain by an ogre

Levels and vault maps discovered:
D:1:      lightli_arrival_quake, layout_loops_ring, basic_ecumenical_altar,
          chequers_serial_rivers_small_3, minmay_liquid_box
D:2:      layout_basic
D:3:      layout_loops_cross, lemuel_tele_altar, bloody_makhleb,
          cheibrodos_sewer_entry_drain, chequers_avenue
D:4:      layout_loops_cross, mainiacjoe_overflow_cross_hatched,
          lemuel_crystal_altar, lemuel_flame_loot_1

Skill      XL: |  1  2  3  4  5  6 |
---------------+-------------------+-----
Unarmed Combat | 1 2 3 4 5 6 |  6.5
Fighting       | 1 2 3 |  3.1
Armour         | 2 |  2.0
Dodging        | |  1.7
Stealth        | |  2.1
Spellcasting   | |  1.7
Conjurations   | |  0.7
Fire Magic     | |  2.4

Action                   |  1- 3 |  4- 6 |  7- 9 || total
-------------------------+-------+-------+-------++-------
Melee: Unarmed           |   121 |   191 |    59 ||   371
       Punch             |     2 |     7 |     1 ||    10
Throw: Boomerang         |       |    37 |     9 ||    46
  Use: Scroll            |     3 |     4 |       ||     7
       Potion            |       |     4 |       ||     4
 Stab: Distracted        |     1 |       |       ||     1
Armor: Robe              |    18 |       |       ||    18
       Chain mail        |     9 |    93 |    37 ||   139
Dodge: Dodged            |    61 |    39 |    29 ||   129

Table legend:
 A = Non-vault XP
 B = Vault XP
 C = Vault XP percentage of total XP
 D = Non-vault monster count
 E = Vault monster count
 F = Vault count percentage of total count
                 A         B        C        D         E       F
            +---------+---------+-------+---------+---------+-------
      Total |     713 |      12 |   1.7 |      90 |       3 |   3.2
            +---------+---------+-------+---------+---------+-------
        D:1 |      51 |       0 |   0.0 |      31 |       0 |   0.0
        D:2 |      30 |       0 |   0.0 |       5 |       0 |   0.0
        D:3 |     201 |      12 |   5.6 |      33 |       3 |   8.3
        D:4 |     431 |       0 |   0.0 |      21 |       0 |   0.0
            +---------+---------+-------+---------+---------+-------
